 Dungeon Crawl Stone Soup version 0.24-a0-235-g3f03afc (webtiles) character file.

Game seed: 4697231704409530607

177 vorskei the Grave Robber (level 5, -7/37 HPs)
             Began as a Gnoll Necromancer on Apr 8, 2019.
             Killed from afar by an orc wizard (10 damage)
             ... with a puff of frost
             ... on level 4 of the Dungeon.
             The game lasted 00:10:49 (2667 turns).

vorskei the Grave Robber (Gnoll Necromancer)        Turns: 2667, Time: 00:10:50

Health: -7/37      AC:  4    Str: 11    XL:     5   Next: 57%
Magic:  12/12      EV: 14    Int: 18    God:
Gold:   160        SH:  4    Dex: 15    Spells: 12/14 levels left

rFire    . . .     SeeInvis .   p - +1 whip (drain)
rCold    . . .     Gourm    .   q - +0 buckler
rNeg     . . .     Faith    .   a - +0 robe
rPois    .         Spirit   .   (no helmet)
rElec    .         Reflect  .   z - +0 cloak
rCorr    .         Harm     .   (no gloves)
MR       .....                  b - +0 pair of boots
Stlth    +++.......             (no amulet)
HPRegen  0.12/turn              (no ring)
MPRegen  0.13/turn              (no ring)

@: no status effects
A: distributed training, fangs 1, strong nose
a: no special abilities


You were on level 4 of the Dungeon.
You were not hungry.

You visited 1 branch of the dungeon, and saw 4 of its levels.

You collected 160 gold pieces.

Inventory:

Hand Weapons
 j - a +0 dagger
 o - a +0 falchion
 p - a +1 whip of draining (weapon)
 s - a +4 hunting sling
Missiles
 g - 58 bolts
 n - 11 tomahawks (quivered)
 C - 60 stones
Armour
 a - a +0 robe (worn)
 b - a +0 pair of boots (worn)
 q - a +0 buckler (worn)
 t - a +0 scale mail of fire resistance
 z - a +0 cloak (worn)
 A - a cursed +0 leather armour
Jewellery
 u - an uncursed ring of poison resistance {unknown}
Scrolls
 f - a scroll of identify {unknown}
 h - a scroll of teleportation {unknown}
 l - 2 scrolls of remove curse
 m - a scroll of random uselessness {unknown}
 r - a scroll of enchant armour {unknown}
 v - 2 scrolls of fog {unknown}
 x - a scroll of noise {unknown}
 y - a scroll of amnesia {unknown}
 B - a scroll of enchant weapon {unknown}
Potions
 d - a potion of flight {unknown}
 e - 2 potions of mutation {unknown}
 i - 2 potions of might {unknown}
 k - 2 potions of curing {unknown}
 w - a potion of agility {unknown}
Comestibles
 c - 5 rations


   Skills:
 + Level 1.5 Fighting
 + Level 1.5 Short Blades
 + Level 1.5 Long Blades
 + Level 1.5 Axes
 + Level 1.5 Maces & Flails
 + Level 1.5 Polearms
 + Level 1.5 Staves
 + Level 1.5 Slings
 + Level 1.5 Bows
 + Level 1.5 Crossbows
 + Level 1.5 Throwing
 + Level 1.5 Armour
 + Level 4.8 Dodging
 + Level 4.4 Stealth
 + Level 1.5 Shields
 + Level 1.5 Unarmed Combat
 + Level 5.2 Spellcasting
 + Level 1.2 Conjurations
 + Level 1.2 Hexes
 + Level 1.2 Charms
 + Level 1.2 Summonings
 + Level 7.2 Necromancy
 + Level 1.2 Translocations
 + Level 1.2 Transmutations
 + Level 1.2 Fire Magic
 + Level 1.2 Ice Magic
 + Level 1.2 Air Magic
 + Level 1.2 Earth Magic
 + Level 1.2 Poison Magic
 + Level 1.7 Invocations
 + Level 1.5 Evocations


You had 12 spell levels left.
You knew the following spells:

 Your Spells              Type           Power        Failure   Level  Hunger
a - Animate Skeleton      Necr           N/A          1%          1    None
q - Pain                  Necr           ####         1%          1    None

Your spell library contained the following spells:

 Spells                   Type           Power        Failure   Level  Hunger
 Vampiric Draining        Necr           ####......   2%          3    ##.....
 Animate Dead             Necr           N/A          9%          4    ####...
 Regeneration             Chrm/Necr      ###.......   10%         3    ##.....


Dungeon Overview and Level Annotations

Branches:
Dungeon (4/15)
 Temple: D:4-7

Altars:
Hepliaklqana
Ru


Innate Abilities, Weirdness & Mutations

Your experience applies equally to all skills.
You have very sharp teeth.
Your uncanny sense of smell can sniff out nearby items.


Message History

* * * LOW HITPOINT WARNING * * *
The orc wizard hits you but does no damage.
You hit the orc wizard but do no damage.
You drain the orc wizard.
The orc wizard is severely wounded.
The orc wizard hits you but does no damage.
You block the orc wizard's attack.
You closely miss the orc wizard.
The orc wizard is severely wounded.
The orc wizard closely misses you.
You barely miss the orc wizard.
The orc wizard is severely wounded.
The orc wizard hits you but does no damage.
The orc wizard hits you with a +0 dagger.
* * * LOW HITPOINT WARNING * * *
You hit the orc wizard. Your bite misses the orc wizard.
The orc wizard is almost dead.
The orc wizard points at you and mumbles some strange words.
The puff of frost hits you!
You die...

...#..... ....#
...#....< ... ∆
#####...# #.#
#####...####.###+####
....................#
....................#
....................+
∆
....................#
................@)..#
###...####...##.(o.##
#+### #...##..(.# ∆
..........(..
#..........(((..
#.....##...(###.#
#.....##....# # ..
..(...


You could see an orc wizard.

Vanquished Creatures
  3 orc wizards
  A dart slug (D:1)
  A leopard gecko (D:1)
  8 orcs
  4 giant cockroaches
  3 goblins (D:1)
  5 hobgoblins
  4 kobolds
  A quokka (D:2)
  A ball python (D:1)
  6 bats
  2 frilled lizards
  6 rats
45 creatures vanquished.

Vanquished Creatures (collateral kills)
  Jessica (D:3)
  An adder (D:2)
  A dart slug (D:2)
  2 orcs (D:2)
  2 goblins (D:3)
  A frilled lizard (D:2)
  2 rats
10 creatures vanquished.

Grand Total: 55 creatures vanquished

Notes
Turn   | Place    | Note
-------+----------+-------------------------------------------
     0 | D:1      | vorskei the Gnoll Necromancer began the quest for the Orb.
     0 | D:1      | Reached XP level 1. HP: 13/13 MP: 6/6
   202 | D:1      | Learned a level 1 spell: Animate Skeleton
   291 | D:1      | Reached XP level 2. HP: 18/19 MP: 7/7
   971 | D:1      | Reached XP level 3. HP: 23/25 MP: 9/9
  1132 | D:1      | You fall through a shaft!
  1144 | D:2      | Found a sacrificial altar of Ru.
  1147 | D:2      | Reached skill level 5 in Spellcasting
  1167 | D:2      | Reached skill level 1 in Fighting
  1167 | D:2      | Reached skill level 1 in Short Blades
  1167 | D:2      | Reached skill level 1 in Long Blades
  1167 | D:2      | Reached skill level 1 in Axes
  1167 | D:2      | Reached skill level 1 in Maces & Flails
  1167 | D:2      | Reached skill level 1 in Polearms
  1167 | D:2      | Reached skill level 1 in Staves
  1167 | D:2      | Reached skill level 1 in Slings
  1167 | D:2      | Reached skill level 1 in Bows
  1167 | D:2      | Reached skill level 1 in Crossbows
  1167 | D:2      | Reached skill level 1 in Throwing
  1167 | D:2      | Reached skill level 1 in Armour
  1167 | D:2      | Reached skill level 1 in Shields
  1167 | D:2      | Reached skill level 1 in Unarmed Combat
  1167 | D:2      | Reached skill level 1 in Invocations
  1167 | D:2      | Reached skill level 1 in Evocations
  1305 | D:2      | Reached XP level 4. HP: 27/32 MP: 9/11
  1384 | D:2      | Reached skill level 1 in Conjurations
  1384 | D:2      | Reached skill level 1 in Hexes
  1384 | D:2      | Reached skill level 1 in Charms
  1384 | D:2      | Reached skill level 1 in Summonings
  1384 | D:2      | Reached skill level 1 in Translocations
  1384 | D:2      | Reached skill level 1 in Transmutations
  1384 | D:2      | Reached skill level 1 in Fire Magic
  1384 | D:2      | Reached skill level 1 in Ice Magic
  1384 | D:2      | Reached skill level 1 in Air Magic
  1384 | D:2      | Reached skill level 1 in Earth Magic
  1384 | D:2      | Reached skill level 1 in Poison Magic
  1472 | D:2      | Found a hazy altar of Hepliaklqana.
  1881 | D:3      | Reached XP level 5. HP: 29/37 MP: 6/12
  2239 | D:3      | Noticed Jessica
  2246 | D:3      | Killed Jessica
  2667 | D:4      | Killed from afar by an orc wizard

Levels and vault maps discovered:
D:1:      ncdulo_halloftheorcs, layout_loops_ring, minmay_3d_cube
D:2:      layout_rooms, lemuel_round_altar, first_ration,
          nicolae_ru_great_annihilating_truth
D:3:      layout_basic, uniq_jessica
D:4:      layout_gridville, kennysheep_mini_moat, uniq_pikel, uniq_ijyb

Skill      XL: |  1  2  3  4 |
---------------+-------------+-----
Spellcasting   | 5 |  5.2
Fighting       | 1 |  1.5
Short Blades   | 1 |  1.5
Long Blades    | 1 |  1.5
Axes           | 1 |  1.5
Maces & Flails | 1 |  1.5
Polearms       | 1 |  1.5
Staves         | 1 |  1.5
Slings         | 1 |  1.5
Bows           | 1 |  1.5
Crossbows      | 1 |  1.5
Throwing       | 1 |  1.5
Armour         | 1 |  1.5
Shields        | 1 |  1.5
Unarmed Combat | 1 |  1.5
Invocations    | 1 |  1.7
Evocations     | 1 |  1.5
Conjurations   | 1 |  1.2
Hexes          | 1 |  1.2
Charms         | 1 |  1.2
Summonings     | 1 |  1.2
Translocations | 1 |  1.2
Transmutations | 1 |  1.2
Fire Magic     | 1 |  1.2
Ice Magic      | 1 |  1.2
Air Magic      | 1 |  1.2
Earth Magic    | 1 |  1.2
Poison Magic   | 1 |  1.2
Dodging        | |  4.8
Stealth        | |  4.4
Necromancy     | |  7.2

Action                   |  1- 3 |  4- 6 || total
-------------------------+-------+-------++-------
Melee: Unarmed           |     1 |       ||     1
       Dagger            |    37 |     5 ||    42
       Bite              |     5 |     3 ||     8
       Whip              |       |    43 ||    43
 Fire: Hunting sling     |       |    14 ||    14
 Cast: Pain              |    22 |    11 ||    33
       Animate Skeleton  |     5 |    15 ||    20
  Use: Scroll            |       |     1 ||     1
 Stab: Sleeping          |     3 |     2 ||     5
       Distracted        |       |     1 ||     1
  Eat: Chunk             |     1 |     4 ||     5
Armor: Robe              |    16 |    12 ||    28
Dodge: Dodged            |    44 |    27 ||    71
Block: Buckler           |       |     5 ||     5

Table legend:
 A = Non-vault XP
 B = Vault XP
 C = Vault XP percentage of total XP
 D = Non-vault monster count
 E = Vault monster count
 F = Vault count percentage of total count
                 A         B        C        D         E       F
            +---------+---------+-------+---------+---------+-------
      Total |     165 |      88 |  34.8 |      45 |      10 |  18.2
            +---------+---------+-------+---------+---------+-------
        D:1 |      26 |      10 |  27.8 |      15 |       5 |  25.0
        D:2 |      71 |      43 |  37.7 |      13 |       4 |  23.5
        D:3 |      28 |      35 |  55.6 |      14 |       1 |   6.7
        D:4 |      40 |       0 |   0.0 |       3 |       0 |   0.0
            +---------+---------+-------+---------+---------+-------
